Workbook
Name \a: #REF!
Name \a: #REF!
Name \a: #REF!
Name \L: #REF!
Name \L: #REF!
Name \L: #REF!
Name \P: #REF!
Name \P: #REF!
Name \P: #REF!
Name \s: #REF!
Name \s: #REF!
Name \s: #REF!
Name \X: [0]!ERR
Name \X: [0]!ERR
Name \Z: [0]!ERR
Name \Z: [0]!ERR
Name _____________________APU221: #REF!
Name _____________________APU221: #REF!
Name _____________________APU221: #REF!
Name _____________________APU465: [1]!absc
Name _____________________APU465: [1]!absc
Name _____________________APU465: [1]!absc
Name _____________________pj51: #REF!
Name _____________________pj51: #REF!
Name _____________________pj51: #REF!
Name ____________________APU221: #REF!
Name ____________________APU221: #REF!
Name ____________________APU221: #REF!
Name ____________________APU465: [1]!absc
Name ____________________APU465: [1]!absc
Name ____________________APU465: [1]!absc
Name ____________________PJ50: #REF!
Name ____________________PJ50: #REF!
Name ____________________PJ50: #REF!
Name ____________________pj51: #REF!
Name ____________________pj51: #REF!
Name ____________________pj51: #REF!
Name ___________________APU221: #REF!
Name ___________________APU221: #REF!
Name ___________________APU221: #REF!
Name ___________________APU465: [1]!absc
Name ___________________APU465: [1]!absc
Name ___________________APU465: [1]!absc
Name ___________________PJ50: #REF!
Name ___________________PJ50: #REF!
Name ___________________PJ50: #REF!
Name ___________________pj51: #REF!
Name ___________________pj51: #REF!
Name ___________________pj51: #REF!
Name __________________APU221: #REF!
Name __________________APU221: #REF!
Name __________________APU221: #REF!
Name __________________APU465: [1]!absc
Name __________________APU465: [1]!absc
Name __________________APU465: [1]!absc
Name __________________PJ50: #REF!
Name __________________PJ50: #REF!
Name __________________PJ50: #REF!
Name __________________pj51: #REF!
Name __________________pj51: #REF!

Sheet PRESUPUESTO INVIAS
B1: INSTITUTO NACIONAL DE VÍAS
B2: DIRECCIÓN GENERAL
B3: ÁREA DE LICITACIONES Y CONCURSOS
B4: DIRECCION OPERATIVA - SUBDIRECCIÓN RED NACIONAL DE CARRETERAS
B5: LICITACION PUBLICA LP-DO-SRN-029-2017
B6: MANTENIMIENTO Y REHABILITACIÓN DE LA CARRETERA SAN JUAN DE PASTO -MOJARRAS SECTOR CANO MOJARRAS RUTA 25 TRAMO 2502 , DEPARTAMENTO DE NARIÑO
B11: PRESUPUESTO OFICIAL
B12: No. | C12: ITEM DE PAGO | D12: ESPECIFICACIÓN | F12: DESCRIPCION | G12: UNIDAD | H12: CANTIDAD | I12: P/UNIT | J12: VR PARCIAL (1)
D13: GRAL. | E13: PART.
B14: I - EXPLANACIONES | J14: =SUM(J15:J20) -> 167189830
B15: 1 | C15: 201.7 | D15: 201-13 | F15: DEMOLICION DE ESTRUCTURAS | G15: m³ | H15: 140 | I15: 120456 | J15: =ROUND(I15*H15,0) -> 16863840
B16: 2 | C16: 210.1.1 | D16: 210-13 | F16: EXCAVACIÓN SIN CLASIFICAR DE LA EXPLANACIÓN Y CANALES | G16: m³ | H16: 2760 | I16: 6931 | J16: =ROUND(I16*H16,0) -> 19129560
B17: 3 | C17: 210.2.1 | D17: 210-13 | F17: EXCAVACIÓN EN ROCA DE LA EXPLANACIÓN Y CANALES | G17: m³ | H17: 414 | I17: 71675 | J17: =ROUND(I17*H17,0) -> 29673450
B18: 4 | C18: 210.2.2 | D18: 210-13 | F18: EXCAVACIÓN EN MATERIAL COMUN DE LA EXPLANACIÓN Y CANALES | G18: m³ | H18: 720 | I18: 6931 | J18: =ROUND(I18*H18,0) -> 4990320
B19: 4 | C19: 211.1 | D19: 211-13 | F19: REMOCIÓN DE DERRUMBES | G19: m³ | H19: 2850 | I19: 5845 | J19: =ROUND(I19*H19,0) -> 16658250
B20: 5 | C20: 233.10 | D20: 233-13 | F20: GEOMALLA PARA REFUERZO DE CAPAS GRANULARES | G20: m2 | H20: 5110 | I20: 15631 | J20: =ROUND(I20*H20,0) -> 79874410
B21: II - SUBBASES Y BASES | J21: =SUM(J22:J23) -> 316230326
B22: 6 | C22: 320.1P | D22: 320-13 | E22: 320.1P | F22: SUB‐BASE GRANULAR CLASE A. CON MATERIAL DE RAP | G22: m³ | H22: 1330 | I22: 73469 | J22: =ROUND(I22*H22,0) -> 97713770
B23: 7 | C23: 330.1 | D23: 330-13 | F23: BASE GRANULAR CLASE A | G23: m³ | H23: 1654 | I23: 132114 | J23: =ROUND(I23*H23,0) -> 218516556
B24: III - PAVIMENTOS ASFALTICOS | J24: =SUM(J25:J29) -> 909032795
B25: 8 | C25: 420.1 | D25: 420-13 | F25: RIEGO DE IMPRIMACIÓN CON EMULSIÓN ASFÁLTICA CRL‐0 | G25: m2 | H25: 6650 | I25: 2251 | J25: =ROUND(I25*H25,0) -> 14969150
B26: 9 | C26: 450.2P | D26: - | E26: 450.2P | F26: MEZCLA DENSA EN CALIENTE TIPO MDC‐19. INCLUYE CEMENTO ASFÁLTICO | G26: m3 | H26: 120 | I26: 655219 | J26: =ROUND(I26*H26,0) -> 78626280
B27: 9 | C27: 450.3P | D27: - | E27: 450.3P | F27: MEZCLA DENSA EN CALIENTE TIPO MDC-19 CON ASFALTO TIPO III INCLUIDO CEMENTO ASFALTICO | G27: m3 | H27: 1197 | I27: 655219 | J27: =ROUND(I27*H27,0) -> 784297143
B28: 10 | C28: 460.1P | D28: - | E28: 460.1P | F28: FRESADO DE PAVIMENTO ASFÁLTICO | G28: m3 | H28: 665 | I28: 35382 | J28: =ROUND(I28*H28,0) -> 23529030
B29: 3 | C29: 461.1 | D29: 461.1 | E29: =IF(D29="-",C29,"") | F29: PAVIMENTO RECICLADO EN FRÍO EN EL LUGAR CON EMULSIÓN ASFÁLTICA | G29: m3 | H29: 108 | I29: 70474 | J29: =ROUND(I29*H29,0) -> 7611192
B30: IV - ESTRUCTURAS Y DRENAJES | J30: =SUM(J31:J47) -> 4201691104
B31: 11 | C31: 6001.1 | D31: 600-13 | F31: EXCAVACIONES VARIAS SIN CLASIFICAR | G31: m3 | H31: 770 | I31: 14649 | J31: =ROUND(I31*H31,0) -> 11279730
B32: 12 | C32: 600.2.1 | D32: 600-13 | F32: EXCAVACIONES VARIAS EN ROCA EN SECO | G32: m3 | H32: 231 | I32: 93166 | J32: =ROUND(I32*H32,0) -> 21521346
B33: 12 | C33: 600.2.3 | D33: 600-13 | F33: EXCAVACIONES VARIAS EN MATERIAL COMÚN EN SECO | G33: m3 | H33: 231 | I33: 14858 | J33: =ROUND(I33*H33,0) -> 3432198 | K33: 240
B34: 13 | C34: 610.2 | D34: 610-13 | F34: RELLENOS PARA ESTRUCTURAS CON RECEBO | G34: m3 | H34: 2892 | I34: 68453 | J34: =ROUND(I34*H34,0) -> 197966076 | K34: 240
B35: 14 | C35: 621.1P | D35: - | E35: =IF(D35="-",C35,"") -> 621.1P | F35: PILOTE DE CONCRETO VACIADO IN SITU, TIPO CAISSONS (EXCAVACION, FUSTE 1.5 M, ANILLOS DE 0,10M Y NUCLEO DE CONCRETO CLASE D. NO INCLUYE ACERO) | G35: m | H35: 1038 | I35: 2463303 | J35: =ROUND(I35*H35,0) -> 2556908514
B36: 15 | C36: 623.1P | D36: - | E36: =IF(D36="-",C36,"") -> 623.1P | F36: ANCLAJE EN ROCA | G36: m | H36: 825 | I36: 472334 | J36: =ROUND(I36*H36,0) -> 389675550
B37: 13 | C37: 630.4 | D37: 630-13 | F37: CONCRETO CLASE D 21 Mpa | G37: m3 | H37: 140 | I37: 548648 | J37: =ROUND(I37*H37,0) -> 76810720 | K37: 240
B38: 14 | C38: 630.5 | D38: 630-13 | F38: CONCRETO CLASE E 17.5 Mpa | G38: m3 | H38: 20 | I38: 478775 | J38: =ROUND(I38*H38,0) -> 9575500
B39: 14 | C39: 630.6 | D39: 630-13 | F39: CONCRETO CLASE F 14 Mpa | G39: m3 | H39: 30 | I39: 397110 | J39: =ROUND(I39*H39,0) -> 11913300
B40: 15 | C40: 630.7 | D40: 640-13 | F40: CONCRETO CLASE G Mpa | G40: m3 | H40: 40 | I40: 420603 | J40: =ROUND(I40*H40,0) -> 16824120
B41: 15 | C41: 640.1 | D41: 640-13 | F41: ACERO DE REFUERZO Fy 60000 | G41: kg | H41: 140000 | I41: 5008 | J41: =ROUND(I41*H41,0) -> 701120000
B42: 16 | C42: 661.1 | D42: 661-13 | F42: TUBERIA DE CONCRETO REFORZADO CLASE D, DE 900 mm DE DIÁMETRO INTERIOR | G42: m | H42: 100 | I42: 529328 | J42: =ROUND(I42*H42,0) -> 52932800
B43: 16 | C43: 671.3P | D43: - | E43: 671.3P | F43: CUNETA DE CONCRETO VACIADA IN SITU INCLUYE CONFORMACIÓN DE LA SUPERFICIE DE APOYO. CONCRETO 21 Mpa | G43: m3 | H43: 150 | I43: 627012 | J43: =ROUND(I43*H43,0) -> 94051800
B44: 17 | C44: 673.1 | D44: 673-13 | F44: GEOTEXTIL TIPO T 2100 (o similar) | G44: m2 | H44: 2000 | I44: 8314 | J44: =ROUND(I44*H44,0) -> 16628000
B45: 17 | C45: 673.2 | D45: 673-13 | F45: MATERIAL GRANULAR FILTRANTE | G45: m3 | H45: 30 | I45: 130789 | J45: =ROUND(I45*H45,0) -> 3923670
C46: 674.2 | D46: =LEFT(C46,3)&"-13" -> 674-13 | E46: =IF(D46="-",C46,"") | F46: DREN HORIZONTAL DE LONGITUD MAYOR A DIEZ 10 METROS | G46: m | H46: 120 | I46: 171799 | J46: =ROUND(I46*H46,0) -> 20615880
B47: 18 | C47: 681.1 | D47: 681-13 | F47: GAVIONES DE MALLA DE ALAMBRE DE ACERO ENTRELAZADO CLASE 1: RECUBRIMIENTO DE ZINC (GALVANIZADO) | G47: m3 | H47: 100 | I47: 165119 | J47: =ROUND(I47*H47,0) -> 16511900
B48: V - SEÑALIZACIÓN Y SEGURIDAD | J48: =SUM(J49:J54) -> 30963790
B49: 19 | C49: 1P | D49: Maual de señalizacion 2015 | F49: LINEA DE DEMARCACION CON PINTURA EN FRIO | G49: m | H49: 2800 | I49: 1809 | J49: =ROUND(I49*H49,0) -> 5065200
B50: 20 | C50: 2P | D50: Maual de señalizacion 2015 | F50: MARCA VIAL CON PINTURA EN FRIO | G50: m2 | H50: 80 | I50: 14239 | J50: =ROUND(I50*H50,0) -> 1139120
B51: 20 | C51: 3P | D51: Maual de señalizacion 2015 | F51: TACHA REFLECTIVA | G51: Un | H51: 300 | I51: 9593 | J51: =ROUND(I51*H51,0) -> 2877900
B52: 21 | C52: 4P | D52: Maual de señalizacion 2015 | F52: SEÑAL VERTICAL DE TRANSITO TIPO 1 | G52: Un | H52: 10 | I52: 299188 | J52: =ROUND(I52*H52,0) -> 2991880 | K52: =J52*0.07 -> 209431.6
B53: 21 | C53: 5P | D53: Maual de señalizacion 2015 | F53: SEÑAL VERTICAL DE TRANSITO TIPO 5 | G53: Un | H53: 30 | I53: 299188 | J53: =ROUND(I53*H53,0) -> 8975640
B54: 22 | C54: 6P | D54: Maual de señalizacion 2015 | F54: DEFENSA METALICA, INCLUYE CAPTAFAROS Y SECCIÓN FINAL | G54: m | H54: 50 | I54: 198281 | J54: =ROUND(I54*H54,0) -> 9914050
B55: VI - TRANSPORTE | J55: =SUM(J56:J57) -> 51083659
B56: 23 | C56: 900.2 | D56: 900-13 | F56: TRANSPORTE DE MATERIALES PROVENIENTES DE LA EXCAVACIÓN DE LA EXPLANACIÓN, CANALES Y PRÉSTAMOS PARA DISTANCIAS MAYORES DE MIL METROS 1000 M, MEDIDO A PARTIR DE CIEN METROS 100 m | G56: M³-KM | H56: 38288 | I56: 953 | J56: =ROUND(I56*H56,0) -> 36488464
B57: 24 | C57: 900.3 | D57: 900-13 | F57: TRANSPORTE DE MATERIALES PROVENIENTES DE DERRUMBES, MEDIDO A PARTIR DE CIEN METROS 100m | G57: M³-KM | H57: 15315 | I57: 953 | J57: =ROUND(I57*H57,0) -> 14595195
B58: SUBTOTAL VALOR DE LAS OBRAS = SUMATORIA DE (1) | J58: =J55+J48+J30+J24+J14+J21 -> 5676191504
B59: PROVISIÓN PARA AJUSTES, OBRAS COMPLEMENTARIAS Y/O ADICIONALES, (INCLUYE OBRAS AMBIENTALES DEL PAGA) | I59: NO MODIFICAR | J59: 1.4732596e+08
B60: PROVISION PARA JORNADAS DE TRABAJO 24 HORAS DIARIAS 7 DIAS DE LA SEMANA NO MODIFICAR | I60: NO MODIFICAR | J60: =ROUND(J58*0.02,0) -> 113523830
B61: VALOR BASICO DEL CONTRATO INCLUYE OBRAS COMPLEMENTARIAS Y AJUSTES | J61: =J59+J58+J60 -> 5937041294
B62: IVA 19% | J62: =ROUND((J61*0.19*J71)/(1+J72),0) -> 42728706
B63: 25 | C63: 7P | F63: ELABORACIÓN DE DISEÑOS PARA REHABILITACIÓN DE CARRETERAS. | G63: km | H63: 1 | I63: 17000000 | J63: 17000000
B64: IVA DE DISEÑOS PARA REHABILITACIÓN DE CARRETERAS. | J64: =J63*0.19 -> 3230000
B65: VALOR TOTAL ESTUDIOS Y DISEÑOS PARA CARRETERAS | J65: =J64+J63 -> 20230000
B66: VALOR TOTAL OBRA | J66: =J65+J62+J61 -> 6000000000
B67: VALOR TOTAL EN LETRAS: | F67: SEIS MIL MILLONES DE PESOS MONEDA CORRIENTE
B68: NOTA 1: Teniendo en cuenta el Manual de Señalización Vial - Dispositivos uniformes para la Regulación del Tránsito en Calles, Carreteras y Ciclorrutas de Colombia, adoptado mediante Resolución No. 0001885 del 17 de junio de 2015 del Ministerio de Transporte, se aclara que el aparte de SEÑALIZACIÓN se debe ajustar a todo su contenido, esta señalización debe colocarse desde la órden de iniciación del contrato. | G68: DESCRIPCION | J68: PORCENTAJE
B69: NOTA 2:El control de tráfico temporal (controladores de trafico) y la señalización provisional necesarios para la ejecución de las obras será por cuenta y riesgo del contratista. | G69: ADMINISTRACION | I69: A= | J69: 0.22
B70: NOTA 3: Se debe tener en cuenta que el PRECIO UNITARIO incluye el valor de A.I.U. | G70: IMPREVISTO (MINIMO 5%) | I70: I= | J70: 0.05
B71: NOTA 4: Si el valor del A.I.U. presentado es menor al OCHENTA Y CINCO por ciento (85%) o mayor al Ciento diez por ciento (110%) del Valor Oficial del Porcentaje de A.I.U., establecido en el formulario No 1 "presupuesto oficial", la propuesta será rechazada | G71: UTILIDAD | I71: U= | J71: 0.05
B72: NOTA 5: Cuando la fracción decimal del peso sea igual o superior a 5 se aproximara por exceso al número entero siguiente del peso y cuando la fracción decimal del peso sea inferior a 5 se aproximará por defecto al número entero del peso. | G72: TOTAL A.I.U | I72: A.I.U.= | J72: =SUM(J69:J71) -> 0.32
B73: NOTA 6: El A.I.U y su discriminación deben estar en porcentaje (%). | G73: NOMBRE DEL PROPONENTE: ______________________________________ REPRESENTANTE LEGAL (nombre y firma):_________________________ FECHA:_________________________
B74: NOTA 7: El reconocimiento económico de los requerimientos ambientales exigidos por las autoridades ambientales, y/o sociales que son de obligatorio cumplimiento, serán reconocidos a cargo de reembolso de gastos (afectados por un % de administracion).

Sheet EQUIPOS
A1: VIA LA LEJIA - SARAVENA | B1: AÑO 2019
A2: EQUIPO | B2: UNIDAD | C2: TARIFA
A3: HERRAMIENTA MENOR (1%MO)
A4: HERRAMIENTA MENOR (10%MO)
A5: HERRAMIENTA MENOR (2%MO)
A6: HERRAMIENTA MENOR (5%MO)
A7: BULLDOZER | B7: HORA | C7: 166600
A8: CAMION | B8: HORA | C8: 38675
A9: CAMIONETA | B9: HORA | C9: 29767.5
A10: CARGADOR | B10: HORA | C10: 115500
A11: CARGADOR FRONTAL 966H | B11: HORA | C11: 136850
A12: CARROTANQUE DE AGUA 1000 LITROS | B12: HORA | C12: 59500
A13: CARROTANQUE IRRIGADOR DE ASFALTO | B13: HORA | C13: 65452
A14: CIZALLA | C14: 1641
A15: COMPACTADOR MANUAL (RANA) | B15: HORA | C15: 10380
A16: COMPACTADOR MANUAL VIBRATORIO (RANA) | B16: HORA | C16: 10380
A17: COMPACTADOR NEUMATICO | B17: HORA | C17: 95200
A18: COMPACTADOR VIBRATORIO | B18: HORA | C18: 107100
A19: COMPRESOR CON MARTILLO | B19: HORA | C19: 62700
A20: COMPRESOR (BARRIDO Y SOPLADO) | B20: HORA | C20: 63000
A21: COMPRESOR CON MARTILLO | B21: HORA | C21: 62700
A22: DIFERENCIAL | B22: HORA | C22: 2461
A23: EQUIPO DE OXICORTE | B23: HORA | C23: 16000
A24: EQUIPO DE PERFORACION TRACKDRILL | B24: HORA | C24: 147000
A25: EQUIPO DE PINTURA (COMPRESOR) | B25: HORA | C25: 8700
A26: GUADAÑADORA | B26: HORA | C26: 9932
... A37: VEHÍCULO DELINEADOR | B37: HORA | C37: 95200

Sheet MATERIALES
A1: =EQUIPOS!A1 -> VIA LA LEJIA - SARAVENA | B1: =EQUIPOS!B1 -> AÑO 2019
A2: MATERIALES | B2: UNIDAD | C2: COSTO
A3: ABONO ORGANICO | B3: KG | C3: 8000
A4: ABONO QUIMICO | B4: KG | C4: 7500
A5: ACERO DE REFUERZO Fy= 420 Mpa (incluye transporte) | B5: KG | C5: 3451
A6: AGREGADO PARA CONCRETO HIDRAULICO | B6: M3 | C6: 80000
A7: AGUA | B7: LT | C7: 50
A8: ALAMBRE DE PUAS | B8: ML | C8: 450
A9: ALAMBRE GALVANIZADO No.14 | B9: KG | C9: 4770
A10: ALAMBRE NEGRO PARA AMARRE PUESTO EN OBRA | B10: KG | C10: 3451
A11: AMORTIGUADORES | B11: U | C11: 26250
A12: ARBOL DE 0,60 M. DE ALTURA PROMEDIO A LA SIEMBRA | B12: U | C12: 49000
A13: ARENA | B13: M3 | C13: 50000
A14: ARENA LAVADA | B14: M3 | C14: 50000
... A21: DERECHOS DISPOSICION DE MATERIALES | B21: M3 | C21: 2000
A22: DESPERDICIO (2%)
A23: DISOLVENTE (3%) TINER | B23: GALON | C23: 12495
A24: EMULSIÓN ASFALTICA CRL-1 | B24: LT | C24: 912
A25: ESCOLTA Y TRANSPORTE | C25: 25091.46
A26: ESFERAS REFLECTIVAS | B26: KG | C26: 2052
A27: EXPLOSIVOS 75% | B27: LB | C27: 11243
A28: FORMALETA | B28: M2 | C28: 13200
A29: FORMALETA PARA JUNTAS | B29: M2 | C29: 13200
A30: FULMINANTES | B30: U | C30: 1508
A31: GEOTEXTIL TIPO II NO TEJIDO (incluye transporte) | B31: M2 | C31: 5800
A32: INSECTICIDA | B32: KG | C32: 20000
A33: MALLA GAVIONES CLASE 1 - ALAMBRE TRIPLE TORSIÓN (2 M3) | B33: U | C33: 145000
A34: MATERIAL DE AFIRMADO | B34: M3 | C34: 10000
A35: MATERIAL DE BASE PROCESADO EN PLANTA CLASE A | B35: M3 | C35: 42840
A36: MATERIAL DE SUBBASE CLASE A | B36: M3 | C36: 29750
A37: MATERIAL MEZCLA DENSA MDC-19 | B37: M3 | C37: 386750
... A59: TUBO DE CONCRETO REFORZADO D=900MM CLASE III (incluye transporte) | B59: ML | C59: 360000

Sheet MANO DE OBRA 
A1: =EQUIPOS!A1 -> VIA LA LEJIA - SARAVENA | C1: =EQUIPOS!B1 -> AÑO 2019
A2: CARGO | B2: SALARIO BASICO DIARIO | C2: FACTOR PRESTACIONAL
A3: OBRERO | B3: =828116/22 -> 37641.636 | C3: 1.85
A4: OFICIAL | B4: 60000 | C4: 1.85
A5: CADENERO | B5: =B3 -> 37641.636 | C5: 1.85
A6: OFICIAL EXPERTO EN EXPLOSIVOS | B6: =B7 -> 75283.273 | C6: 1.85
A7: TOPOGRAFO | B7: =828116*2/22 -> 75283.273 | C7: 1.85
A8: PALETEROS | B8: =B3 -> 37641.636 | C8: 1.85
A9: RASTRILLEROS | B9: =B3 -> 37641.636 | C9: 1.85
A10: POLVORERO | B10: =B3 -> 37641.636 | C10: 1.85
A11: MAESTRO | B11: =B7 -> 75283.273 | C11: 1.85

Sheet PRESUPUESTO OBRA
C3: INSTITUTO NACIONAL DE VIAS
C4: DIRECCION OPERATIVA
C5: SELECCIÓN ABREVIADA
C6: MEJORAMIENTO Y CONSTRUCCION DE OBRAS DE PROTECCION DE LA VIA LA LEJIA - SARAVENA, CODIGO 6604; DEPARTAMENTO DE NORTE DE SANTANDER
C8: PRESUPUESTO OFICIAL - SA-MC-DT-NSA-003-2019
C9: FORMULARIO 1
C12: Nº | D12: ITEM DE PAGO | E12: ESPECIFICACIONES | G12: DESCRIPCION | H12: UND. | I12: CANTIDAD | J12: VALOR UNITARIO | K12: VALOR TOTAL
E13: GENERAL | F13: PARTICULAR
C14: EXPLANACIONES
C15: 1 | D15: 230.1 | E15: 230-13 | G15: Mejoramiento de la subrasante con adición de materiales | H15: m2 | I15: 0 | J15: ='230.1'!I66 -> 3474 | K15: =I15*J15 -> 0
C16: Subtotal | K16: =SUM(K15:K15) -> 0
C17: AFIRMADOS, BASES Y SUBBASES
C18: 2 | D18: 310.1 | E18: 310-13 | G18: Conformación de la calzada existente | H18: m2 | I18: =1000*5*7 -> 35000 | J18: ='310.1'!I66 -> 1168 | K18: =I18*J18 -> 40880000
C19: 3 | D19: 311.1 | E19: 311-13 | G19: Afirmado | H19: m3 | I19: =+I18*0.1 -> 3500 | J19: ='311.1'!I67 -> 51442 | K19: =I19*J19 -> 180047000 | M19: SIN TRANSPORTE
C20: Subtotal | K20: =SUM(K18:K19) -> 220927000
C21: ESTRUCTURAS Y DRENAJES
C22: 4 | D22: 630.3 | E22: 630-13 | G22: ='630.3'!B15 -> Hexápodos en concreto de 28 MPa de 1 m3 (incluye acero de refuerzo, transporte e instalacion hasta el sitio de disposicion final) | H22: un | I22: 120 | J22: ='630.3'!I68 -> 1458050 | K22: =I22*J22 -> 174966000
C23: Subtotal | K23: =SUM(K22:K22) -> 174966000
C24: TRANSPORTES
C25: 5 | D25: 900.4P | F25: 900.4P | G25: Transporte de material de afirmado | H25: m3-km | I25: =I19*1.3*5 -> 22750 | J25: ='900.4P'!I66 -> 1625 | K25: =I25*J25 -> 36968750
C26: Subtotal | K26: =SUM(K25:K25) -> 36968750
C27: SUBTOTAL OBRAS | K27: =K16+K20+K23+K26 -> 432861750
G29: PROVISION PARA OBRAS COMPLEMENTARIAS Y/O ADICIONALES (INCLUYE OBRAS/GESTIONES AMBIENTALES Y/O SOCIALES DEL PAGA)" | J29: NO MODIFICAR | K29: 3500000
G30: PROVISION PARA JORNADAS DE TRABAJO 24 HORAS DIARIAS 7 DIAS DE LA SEMANA | J30: NO MODIFICAR
G31: VALOR BASICO DEL CONTRATO INCLUYE OBRAS COMPLEMENTARIAS Y AJUSTES | K31: =K27+K29 -> 436361750
G32: VALOR IVA (OBRA) (19% SOBRE UTILIDAD OBRA ) | K32: =ROUND((K31/1.3)*0.05*0.19,0) -> 3188797
G33: SUBTOTAL OBRAS (INCLUYE IVA) | K33: =K31+K32 -> 439550547
C34: 47 | D34: 7P | F34: Especificacion Particular | G34: REVISIÓN, AJUSTE Y/O ACTUALIZACIÓN Y/O MODIFICACIÓN Y/O COMPLEMENTACIÓN DE ESTUDIOS Y DISEÑOS | J34: GLOBAL
G35: IVA - REVISIÓN, AJUSTE Y/O ACTUALIZACIÓN Y/O MODIFICACIÓN Y/O COMPLEMENTACIÓN DE ESTUDIOS Y DISEÑOS | H35: 0.19
G36: TOTAL ESTUDIOS Y DISEÑOS, REVISIÓN, AJUSTE Y/O ACTUALIZACIÓN Y/O MODIFICACIÓN Y/O COMPLEMENTACIÓN DE ESTUDIOS Y DISEÑOS
G37: VALOR TOTAL | K37: =K33 -> 439550547 | N37: ,
C39: VALOR TOTAL EN LETRAS:
C40: NOTA 1: Teniendo en cuenta el Manual de Señalización Vial - Dispositivos uniformes para la Regulación del Tránsito en Calles, Carreteras y Ciclorrutas de Colombia, adoptado mediante Resolución No. 0001885 del 17 de junio de 2015 del Ministerio de Transporte, se aclara que el aparte de SEÑALIZACIÓN se debe ajustar a todo su contenido, esta señalización debe colocarse desde la órden de iniciación del contrato. | H40: DESCRIPCION | K40: PORCENTAJE
C41: NOTA 2:El control de tráfico temporal (controladores de trafico) y la señalización provisional necesarios para la ejecución de las obras será por cuenta y riesgo del contratista. | H41: ADMINISTRACION | J41: A= | K41: 0.2
C42: NOTA 3: Se debe tener en cuenta que el PRECIO UNITARIO incluye el valor de A.I.U. | H42: IMPREVISTO (MINIMO 5%) | J42: I= | K42: 0.05
C43: NOTA 4: Si el valor del A.I.U. presentado es menor al ochenta y cicno por ciento (85%) o mayor al Ciento diez por ciento (110%) del Valor Oficial del Porcentaje de A.I.U., establecido en el formulario No 1 "presupuesto oficial", la propuesta será rechazada | H43: UTILIDAD | J43: U= | K43: 0.05
C44: NOTA 5: Cuando la fracción decimal del peso sea igual o superior a 5 se aproximara por exceso al número entero siguiente del peso y cuando la fracción decimal del peso sea inferior a 5 se aproximará por defecto al número entero del peso. | H44: TOTAL A.I.U | J44: A.I.U.= | K44: 0.3
C45: NOTA 6: El A.I.U y su discriminación deben estar en porcentaje (%). | H45: NOMBRE DEL PROPONENTE: REPRESENTANTE LEGAL : FECHA:
C46: NOTA 7: El reconocimiento económico de los requerimientos ambientales exigidos por las autoridades ambientales, y/o sociales que son de obligatorio cumplimiento, serán reconocidos a cargo de reembolso de gastos (afectados por un % de administracion).

Sheet 230.1
F1: FECHA | G1: 4 | H1: 9 | I1: 2019
G2: (Día) | H2: (Mes) | I2: (Año)
A3: UNIDAD EJECUTORA: | B3: SUBDIRECCIÓN RED NACIONAL DE CARRETERAS | G3: DIRECCIÓN TERRITORIAL: | H3: NORTE DE SANTANDER
A7: CONTRATO No. | D7: DE
A8: OBJETO DEL CONTRATO | C8: “MEJORAMIENTO Y MANTENIMIENTO DE LA CARRETERA DE LA SOBERANIA TRAMO LA LEJIA - SARAVENA RUTA 66 TRAMO ”
A11: CARRETERA: | C11: LA SOBERANIA | G11: SECTOR: | H11: LA LEJIA - SARAVENA
A14: ITEM | B14: DESCRIPCIÓN | G14: GRUPO DE AJUSTE | H14: UNIDAD | I14: CANTIDAD
A15: =+'PRESUPUESTO OBRA'!D15 -> 230.1 | B15: =+'PRESUPUESTO OBRA'!G15 -> Mejoramiento de la subrasante con adición de materiales | H15: ='PRESUPUESTO OBRA'!H15 -> m2 | I15: ='PRESUPUESTO OBRA'!I15 -> 0
A17: I. EQUIPO
A18: DESCRIPCIÓN | E18: UNIDAD | F18: TARIFA | G18: RENDIMIENTO | H18: VALOR-UNIT.
A19: BULDOZER, POTENCIA AL VOLANTE DE 140 HP, MOTOR DE 2200 RPM, LONGITUD DE HOJA 4,80M. | E19: HORA | F19: 190000 | G19: 400 | H19: =+IFERROR(F19/G19,"") -> 475
A20: CARROTANQUE DE AGUA(1000 GALONES) | E20: HORA | F20: 70000 | G20: 200 | H20: =+IFERROR(F20/G20,"") -> 350
A21: MOTONIVELADORA POTENCIA 215 HP, ANCHO DE CUCHILLA 4,27 M, PESO 18 TON. | E21: HORA | F21: 190000 | G21: 200 | H21: =+IFERROR(F21/G21,"") -> 950
A22: VIBROCOMPATADOR, POTENCIA 153 HP, PESO 10 TON. | E22: HORA | F22: 160000 | G22: 200 | H22: =+IFERROR(F22/G22,"") -> 800
A23: HERRAMIENTA MENOR (5%MO) | H23: =I56*0.05 -> 4.625
E24: =+IFERROR(VLOOKUP(A24,EQUIPOS!$A$3:$C$74,2,FALSE),"") | F24: =+IFERROR(VLOOKUP(A24,EQUIPOS!$A$3:$C$74,3,FALSE),"") | H24: =+IFERROR(F24/G24,"")
E25: =+IFERROR(VLOOKUP(A25,EQUIPOS!$A$3:$C$74,2,FALSE),"") | F25: =+IFERROR(VLOOKUP(A25,EQUIPOS!$A$3:$C$74,3,FALSE),"") | H25: =+IFERROR(F25/G25,"")
E26: =+IFERROR(VLOOKUP(A26,EQUIPOS!$A$3:$C$74,2,FALSE),"") | F26: =+IFERROR(VLOOKUP(A26,EQUIPOS!$A$3:$C$74,3,FALSE),"") | H26: =+IFERROR(F26/G26,"")
H28: Sub-Total | I28: =ROUND((SUM(H19:H27)),2) -> 2579.63
A29: II. MATERIALES EN OBRA
A30: DESCRIPCIÓN | E30: UNIDAD | F30: PRECIO - UNIT. | G30: CANTIDAD | H30: VALOR-UNIT.
E32: =+IFERROR(VLOOKUP(A32,MATERIALES!$A$3:$C$59,2,FALSE),"") | F32: =+IFERROR(VLOOKUP(A32,MATERIALES!$A$3:$C$59,3,FALSE),"") | H32: =+IF(A32="","",F32*G32)
E33: =+IFERROR(VLOOKUP(A33,MATERIALES!$A$3:$C$59,2,FALSE),"") | F33: =+IFERROR(VLOOKUP(A33,MATERIALES!$A$3:$C$59,3,FALSE),"") | H33: =+IF(A33="","",F33*G33)
E34: =+IFERROR(VLOOKUP(A34,MATERIALES!$A$3:$C$59,2,FALSE),"") | F34: =+IFERROR(VLOOKUP(A34,MATERIALES!$A$3:$C$59,3,FALSE),"") | H34: =+IF(A34="","",F34*G34)
E35: =+IFERROR(VLOOKUP(A35,MATERIALES!$A$3:$C$59,2,FALSE),"") | F35: =+IFERROR(VLOOKUP(A35,MATERIALES!$A$3:$C$59,3,FALSE),"") | H35: =+IF(A35="","",F35*G35)
E36: =+IFERROR(VLOOKUP(A36,MATERIALES!$A$3:$C$59,2,FALSE),"") | F36: =+IFERROR(VLOOKUP(A36,MATERIALES!$A$3:$C$59,3,FALSE),"") | H36: =+IF(A36="","",F36*G36)
E37: =+IFERROR(VLOOKUP(A37,MATERIALES!$A$3:$C$59,2,FALSE),"") | F37: =+IFERROR(VLOOKUP(A37,MATERIALES!$A$3:$C$59,3,FALSE),"") | H37: =+IF(A37="","",F37*G37)
E38: =+IFERROR(VLOOKUP(A38,MATERIALES!$A$3:$C$59,2,FALSE),"") | F38: =+IFERROR(VLOOKUP(A38,MATERIALES!$A$3:$C$59,3,FALSE),"") | H38: =+IF(A38="","",F38*G38)
E39: =+IFERROR(VLOOKUP(A39,MATERIALES!$A$3:$C$59,2,FALSE),"") | F39: =+IFERROR(VLOOKUP(A39,MATERIALES!$A$3:$C$59,3,FALSE),"") | H39: =+IF(A39="","",F39*G39)
H41: Sub-Total | I41: =SUM(H31:H40) -> 0
A42: III. TRANSPORTES | I42: ,
A43: MATERIAL | D43: VOL/PESO/CANT. | E43: DISTANCIA | F43: M3-Km | G43: TARIFA DE TRANSPORTE MATERIAL | H43: VALOR-UNIT.
H44: =IFERROR(F44*G44,"") -> 0
F45: =+IF(A45="","",D45*E45) | H45: =IFERROR(F45*G45,"")
F46: =+IF(A46="","",D46*E46) | H46: =IFERROR(F46*G46,"")
H47: Sub-Total | I47: =SUM(H44:H46) -> 0
A48: IV. MANO DE OBRA
A49: TRABAJADOR | C49: CANTIDAD | D49: JORNAL | E49: FACTOR | F49: JORNAL TOTAL | G49: RENDIMIENTO | H49: VALOR-UNIT.
A50: OBRERO | C50: 2 | D50: 40000 | E50: =+IFERROR(VLOOKUP(A50,'MANO DE OBRA '!$A$3:$C$11,3,FALSE),"") -> 1.85 | F50: =IFERROR(D50*E50*C50,"") -> 148000 | G50: =G22*8 -> 1600 | H50: =+IFERROR(F50/G50,"") -> 92.5
D51: =+IFERROR(VLOOKUP(A51,'MANO DE OBRA '!$A$3:$C$11,2,FALSE),"") | E51: =+IFERROR(VLOOKUP(A51,'MANO DE OBRA '!$A$3:$C$11,3,FALSE),"") | F51: =IFERROR(D51*E51*C51,"") | H51: =+IFERROR(F51/G51,"")
D52: =+IFERROR(VLOOKUP(A52,'MANO DE OBRA '!$A$3:$C$11,2,FALSE),"") | E52: =+IFERROR(VLOOKUP(A52,'MANO DE OBRA '!$A$3:$C$11,3,FALSE),"") | F52: =IFERROR(D52*E52*C52,"") | H52: =+IFERROR(F52/G52,"")
D53: =+IFERROR(VLOOKUP(A53,'MANO DE OBRA '!$A$3:$C$11,2,FALSE),"") | E53: =+IFERROR(VLOOKUP(A53,'MANO DE OBRA '!$A$3:$C$11,3,FALSE),"") | F53: =IFERROR(D53*E53*C53,"") | H53: =+IFERROR(F53/G53,"")
D54: =+IFERROR(VLOOKUP(A54,'MANO DE OBRA '!$A$3:$C$11,2,FALSE),"") | E54: =+IFERROR(VLOOKUP(A54,'MANO DE OBRA '!$A$3:$C$11,3,FALSE),"") | F54: =IFERROR(D54*E54*C54,"") | H54: =+IFERROR(F54/G54,"")
D55: =+IFERROR(VLOOKUP(A55,'MANO DE OBRA '!$A$3:$C$11,2,FALSE),"") | E55: =+IFERROR(VLOOKUP(A55,'MANO DE OBRA '!$A$3:$C$11,3,FALSE),"") | F55: =IFERROR(D55*E55*C55,"") | H55: =+IFERROR(F55/G55,"")
H56: Sub-Total | I56: =SUM(H50:H55) -> 92.5
F58: Total Costo Directo | I58: =ROUND((I28+I41+I47+I56),2) -> 2672.13
A59: V. COSTOS INDIRECTOS
A60: DESCRIPCIÓN | G60: PORCENTAJE | H60: VALOR TOTAL
A61: ADMINISTRACION | G61: 0.2 | H61: =++G61*I58 -> 534.426
A62: IMPREVISTOS | G62: 0.05 | H62: =+G62*I58 -> 133.6065
A63: UTILIDAD | G63: 0.05 | H63: =+G63*I58 -> 133.6065
H64: Sub-Total | I64: =ROUND((SUM(H61:H63)),2) -> 801.64
E66: Precio unitario total aproximado al peso | I66: =ROUND((I58+I64),0) -> 3474
A67: Original: Archivo de Gestión del Contrato (Subdirección Administrativa).
A68: Copias: Unidad Ejecutora, Contratista, Interventor y Dirección Territorial.

Sheet 310.1
F1: FECHA | G1: ='230.1'!G1 -> 4 | H1: ='230.1'!H1 -> 9 | I1: ='230.1'!I1 -> 2019
G2: (Día) | H2: (Mes) | I2: (Año)
A3: UNIDAD EJECUTORA: | B3: SUBDIRECCIÓN RED NACIONAL DE CARRETERAS | G3: DIRECCIÓN TERRITORIAL: | H3: NORTE DE SANTANDER
A7: CONTRATO No. | D7: DE
A8: OBJETO DEL CONTRATO | C8: “MEJORAMIENTO Y CONSTRUCCION DE OBRAS DE PROTECCIÓN DE LA VIA LA LEJIA - SARAVENA, CODIGO 6604; DEPARTAMENTO DE NORTE DE SANTANDER ”
A11: CARRETERA: | C11: LA SOBERANIA | G11: SECTOR: | H11: LA LEJIA - SARAVENA
A14: ITEM | B14: DESCRIPCIÓN | G14: GRUPO DE AJUSTE | H14: UNIDAD | I14: CANTIDAD
A15: 310.1 | B15: Conformación de la calzada existente | H15: ='PRESUPUESTO OBRA'!H18 -> m2 | I15: ='PRESUPUESTO OBRA'!I18 -> 35000
A17: I. EQUIPO
A18: DESCRIPCIÓN | E18: UNIDAD | F18: TARIFA | G18: RENDIMIENTO | H18: VALOR-UNIT.
A19: CARROTANQUE DE AGUA(1000 GALONES) | E19: HORA | F19: 80000 | G19: 580 | H19: =+IFERROR(F19/G19,"") -> 137.93103
A20: MOTONIVELADORA POTENCIA 215 HP, ANCHO DE CUCHILLA 4,27 M, PESO 18 TON. | E20: HORA | F20: 160000 | G20: =+G19 -> 580 | H20: =+IFERROR(F20/G20,"") -> 275.86207
A21: VIBROCOMPATADOR, POTENCIA 153 HP, PESO 10 TON. | E21: HORA | F21: 160000 | G21: =+G20 -> 580 | H21: =+IFERROR(F21/G21,"") -> 275.86207
A22: HERRAMIENTA MENOR (5%MO) | H22: =I56*0.05 -> 2.7909483
E23: =+IFERROR(VLOOKUP(A23,EQUIPOS!$A$3:$C$74,2,FALSE),"") | F23: =+IFERROR(VLOOKUP(A23,EQUIPOS!$A$3:$C$74,3,FALSE),"") | H23: =+IFERROR(F23/G23,"")
E24: =+IFERROR(VLOOKUP(A24,EQUIPOS!$A$3:$C$74,2,FALSE),"") | F24: =+IFERROR(VLOOKUP(A24,EQUIPOS!$A$3:$C$74,3,FALSE),"") | H24: =+IFERROR(F24/G24,"")
E25: =+IFERROR(VLOOKUP(A25,EQUIPOS!$A$3:$C$74,2,FALSE),"") | F25: =+IFERROR(VLOOKUP(A25,EQUIPOS!$A$3:$C$74,3,FALSE),"") | H25: =+IFERROR(F25/G25,"")
E26: =+IFERROR(VLOOKUP(A26,EQUIPOS!$A$3:$C$74,2,FALSE),"") | F26: =+IFERROR(VLOOKUP(A26,EQUIPOS!$A$3:$C$74,3,FALSE),"") | H26: =+IFERROR(F26/G26,"")
H28: Sub-Total | I28: =ROUND((SUM(H19:H27)),2) -> 692.45
A29: II. MATERIALES EN OBRA
A30: DESCRIPCIÓN | E30: UNIDAD | F30: PRECIO - UNIT. | G30: CANTIDAD | H30: VALOR-UNIT.
A31: AGUA | E31: lt | F31: 50 | G31: 3 | H31: =F31*G31 -> 150
E32: =+IFERROR(VLOOKUP(A32,MATERIALES!$A$3:$C$59,2,FALSE),"") | F32: =+IFERROR(VLOOKUP(A32,MATERIALES!$A$3:$C$59,3,FALSE),"") | H32: =+IF(A32="","",F32*G32)
E33: =+IFERROR(VLOOKUP(A33,MATERIALES!$A$3:$C$59,2,FALSE),"") | F33: =+IFERROR(VLOOKUP(A33,MATERIALES!$A$3:$C$59,3,FALSE),"") | H33: =+IF(A33="","",F33*G33)
E34: =+IFERROR(VLOOKUP(A34,MATERIALES!$A$3:$C$59,2,FALSE),"") | F34: =+IFERROR(VLOOKUP(A34,MATERIALES!$A$3:$C$59,3,FALSE),"") | H34: =+IF(A34="","",F34*G34)
E35: =+IFERROR(VLOOKUP(A35,MATERIALES!$A$3:$C$59,2,FALSE),"") | F35: =+IFERROR(VLOOKUP(A35,MATERIALES!$A$3:$C$59,3,FALSE),"") | H35: =+IF(A35="","",F35*G35)
E36: =+IFERROR(VLOOKUP(A36,MATERIALES!$A$3:$C$59,2,FALSE),"") | F36: =+IFERROR(VLOOKUP(A36,MATERIALES!$A$3:$C$59,3,FALSE),"") | H36: =+IF(A36="","",F36*G36)
E37: =+IFERROR(VLOOKUP(A37,MATERIALES!$A$3:$C$59,2,FALSE),"") | F37: =+IFERROR(VLOOKUP(A37,MATERIALES!$A$3:$C$59,3,FALSE),"") | H37: =+IF(A37="","",F37*G37)
E38: =+IFERROR(VLOOKUP(A38,MATERIALES!$A$3:$C$59,2,FALSE),"") | F38: =+IFERROR(VLOOKUP(A38,MATERIALES!$A$3:$C$59,3,FALSE),"") | H38: =+IF(A38="","",F38*G38)
E39: =+IFERROR(VLOOKUP(A39,MATERIALES!$A$3:$C$59,2,FALSE),"") | F39: =+IFERROR(VLOOKUP(A39,MATERIALES!$A$3:$C$59,3,FALSE),"") | H39: =+IF(A39="","",F39*G39)
H41: Sub-Total | I41: =SUM(H31:H40) -> 150
A42: III. TRANSPORTES | I42: ,
A43: MATERIAL | D43: VOL/PESO/CANT. | E43: DISTANCIA | F43: M3-Km | G43: TARIFA DE TRANSPORTE MATERIAL | H43: VALOR-UNIT.
H44: =IFERROR(F44*G44,"") -> 0
F45: =+IF(A45="","",D45*E45) | H45: =IFERROR(F45*G45,"")
F46: =+IF(A46="","",D46*E46) | H46: =IFERROR(F46*G46,"")
H47: Sub-Total | I47: =SUM(H44:H46) -> 0
A48: IV. MANO DE OBRA
A49: TRABAJADOR | C49: CANTIDAD | D49: JORNAL | E49: FACTOR | F49: JORNAL TOTAL | G49: RENDIMIENTO | H49: VALOR-UNIT.
A50: OBRERO | C50: 2 | D50: 40000 | E50: =+IFERROR(VLOOKUP(A50,'MANO DE OBRA '!$A$3:$C$11,3,FALSE),"") -> 1.85 | F50: =IFERROR(D50*E50*C50,"") -> 148000 | G50: =G19*8 -> 4640 | H50: =+IFERROR(F50/G50,"") -> 31.896552
A51: OFICIAL | C51: 1 | D51: =+IFERROR(VLOOKUP(A51,'MANO DE OBRA '!$A$3:$C$11,2,FALSE),"") -> 60000 | E51: =+IFERROR(VLOOKUP(A51,'MANO DE OBRA '!$A$3:$C$11,3,FALSE),"") -> 1.85 | F51: =IFERROR(D51*E51*C51,"") -> 111000 | G51: =G50 -> 4640 | H51: =+IFERROR(F51/G51,"") -> 23.922414
D52: =+IFERROR(VLOOKUP(A52,'MANO DE OBRA '!$A$3:$C$11,2,FALSE),"") | E52: =+IFERROR(VLOOKUP(A52,'MANO DE OBRA '!$A$3:$C$11,3,FALSE),"") | F52: =IFERROR(D52*E52*C52,"") | H52: =+IFERROR(F52/G52,"")
D53: =+IFERROR(VLOOKUP(A53,'MANO DE OBRA '!$A$3:$C$11,2,FALSE),"") | E53: =+IFERROR(VLOOKUP(A53,'MANO DE OBRA '!$A$3:$C$11,3,FALSE),"") | F53: =IFERROR(D53*E53*C53,"") | H53: =+IFERROR(F53/G53,"")
D54: =+IFERROR(VLOOKUP(A54,'MANO DE OBRA '!$A$3:$C$11,2,FALSE),"") | E54: =+IFERROR(VLOOKUP(A54,'MANO DE OBRA '!$A$3:$C$11,3,FALSE),"") | F54: =IFERROR(D54*E54*C54,"") | H54: =+IFERROR(F54/G54,"")
D55: =+IFERROR(VLOOKUP(A55,'MANO DE OBRA '!$A$3:$C$11,2,FALSE),"") | E55: =+IFERROR(VLOOKUP(A55,'MANO DE OBRA '!$A$3:$C$11,3,FALSE),"") | F55: =IFERROR(D55*E55*C55,"") | H55: =+IFERROR(F55/G55,"")
H56: Sub-Total | I56: =SUM(H50:H55) -> 55.818966
F58: Total Costo Directo | I58: =ROUND((I28+I41+I47+I56),2) -> 898.27
A59: V. COSTOS INDIRECTOS
A60: DESCRIPCIÓN | G60: PORCENTAJE | H60: VALOR TOTAL
A61: ADMINISTRACION | G61: 0.2 | H61: =++G61*I58 -> 179.654
A62: IMPREVISTOS | G62: 0.05 | H62: =+G62*I58 -> 44.9135
A63: UTILIDAD | G63: 0.05 | H63: =+G63*I58 -> 44.9135
H64: Sub-Total | I64: =ROUND((SUM(H61:H63)),2) -> 269.48
E66: Precio unitario total aproximado al peso | I66: =ROUND((I58+I64),0) -> 1168
A67: Original: Archivo de Gestión del Contrato (Subdirección Administrativa).
A68: Copias: Unidad Ejecutora, Contratista, Interventor y Dirección Territorial.

Sheet 311.1
F1: FECHA | G1: ='230.1'!G1 -> 4 | H1: ='230.1'!H1 -> 9 | I1: ='230.1'!I1 -> 2019
G2: (Día) | H2: (Mes) | I2: (Año)
A3: UNIDAD EJECUTORA: | B3: SUBDIRECCIÓN RED NACIONAL DE CARRETERAS | G3: DIRECCIÓN TERRITORIAL: | H3: NORTE DE SANTANDER
A7: CONTRATO No. | D7: DE
A8: OBJETO DEL CONTRATO | C8: “MEJORAMIENTO Y CONSTRUCCION DE OBRAS DE PROTECCIÓN DE LA VIA LA LEJIA - SARAVENA, CODIGO 6604; DEPARTAMENTO DE NORTE DE SANTANDER ”
A11: CARRETERA: | C11: LA SOBERANIA | G11: SECTOR: | H11: LA LEJIA - SARAVENA
A14: ITEM | B14: DESCRIPCIÓN | G14: GRUPO DE AJUSTE | H14: UNIDAD | I14: CANTIDAD
A15: 311.1 | B15: Afirmado | H15: ='PRESUPUESTO OBRA'!H19 -> m3 | I15: ='PRESUPUESTO OBRA'!I19 -> 3500
A17: I. EQUIPO
A18: DESCRIPCIÓN | E18: UNIDAD | F18: TARIFA | G18: RENDIMIENTO | H18: VALOR-UNIT.
A19: RETROEXCAVADORA 320 O SIMILAR | E19: HORA | F19: 180000 | G19: 45 | H19: =+F19/G19 -> 4000
A20: CARROTANQUE DE AGUA(1000 GALONES) | E20: HORA | F20: =+'310.1'!F19 -> 80000 | G20: =+G19 -> 45 | H20: =+IFERROR(F20/G20,"") -> 1777.7778
A21: MOTONIVELADORA POTENCIA 215 HP, ANCHO DE CUCHILLA 4,27 M, PESO 18 TON. | E21: HORA | F21: =+'310.1'!F20 -> 160000 | G21: =+G20 -> 45 | H21: =+IFERROR(F21/G21,"") -> 3555.5556
A22: VIBROCOMPATADOR, POTENCIA 153 HP, PESO 10 TON. | E22: HORA | F22: =+'310.1'!F21 -> 160000 | G22: =+G21 -> 45 | H22: =+IFERROR(F22/G22,"") -> 3555.5556
A23: HERRAMIENTA MENOR (5%MO) | H23: =I57*0.05 -> 20.555556
E24: =+IFERROR(VLOOKUP(A24,EQUIPOS!$A$3:$C$74,2,FALSE),"") | F24: =+IFERROR(VLOOKUP(A24,EQUIPOS!$A$3:$C$74,3,FALSE),"") | H24: =+IFERROR(F24/G24,"")
E25: =+IFERROR(VLOOKUP(A25,EQUIPOS!$A$3:$C$74,2,FALSE),"") | F25: =+IFERROR(VLOOKUP(A25,EQUIPOS!$A$3:$C$74,3,FALSE),"") | H25: =+IFERROR(F25/G25,"")
E26: =+IFERROR(VLOOKUP(A26,EQUIPOS!$A$3:$C$74,2,FALSE),"") | F26: =+IFERROR(VLOOKUP(A26,EQUIPOS!$A$3:$C$74,3,FALSE),"") | H26: =+IFERROR(F26/G26,"")
E27: =+IFERROR(VLOOKUP(A27,EQUIPOS!$A$3:$C$74,2,FALSE),"") | F27: =+IFERROR(VLOOKUP(A27,EQUIPOS!$A$3:$C$74,3,FALSE),"") | H27: =+IFERROR(F27/G27,"")
H29: Sub-Total | I29: =ROUND((SUM(H19:H28)),2) -> 12909.44
A30: II. MATERIALES EN OBRA
A31: DESCRIPCIÓN | E31: UNIDAD | F31: PRECIO - UNIT. | G31: CANTIDAD | H31: VALOR-UNIT.
A32: AGUA | E32: lt | F32: 50 | G32: 25 | H32: =F32*G32 -> 1250
A33: MATERIAL DE AFIRMADO DE LA ZONA | E33: m3 | F33: 20000 | G33: 1.25 | H33: =+IF(A33="","",F33*G33) -> 25000
E34: =+IFERROR(VLOOKUP(A34,MATERIALES!$A$3:$C$59,2,FALSE),"") | F34: =+IFERROR(VLOOKUP(A34,MATERIALES!$A$3:$C$59,3,FALSE),"") | H34: =+IF(A34="","",F34*G34)
E35: =+IFERROR(VLOOKUP(A35,MATERIALES!$A$3:$C$59,2,FALSE),"") | F35: =+IFERROR(VLOOKUP(A35,MATERIALES!$A$3:$C$59,3,FALSE),"") | H35: =+IF(A35="","",F35*G35)
E36: =+IFERROR(VLOOKUP(A36,MATERIALES!$A$3:$C$59,2,FALSE),"") | F36: =+IFERROR(VLOOKUP(A36,MATERIALES!$A$3:$C$59,3,FALSE),"") | H36: =+IF(A36="","",F36*G36)
E37: =+IFERROR(VLOOKUP(A37,MATERIALES!$A$3:$C$59,2,FALSE),"") | F37: =+IFERROR(VLOOKUP(A37,MATERIALES!$A$3:$C$59,3,FALSE),"") | H37: =+IF(A37="","",F37*G37)
E38: =+IFERROR(VLOOKUP(A38,MATERIALES!$A$3:$C$59,2,FALSE),"") | F38: =+IFERROR(VLOOKUP(A38,MATERIALES!$A$3:$C$59,3,FALSE),"") | H38: =+IF(A38="","",F38*G38)
E39: =+IFERROR(VLOOKUP(A39,MATERIALES!$A$3:$C$59,2,FALSE),"") | F39: =+IFERROR(VLOOKUP(A39,MATERIALES!$A$3:$C$59,3,FALSE),"") | H39: =+IF(A39="","",F39*G39)
E40: =+IFERROR(VLOOKUP(A40,MATERIALES!$A$3:$C$59,2,FALSE),"") | F40: =+IFERROR(VLOOKUP(A40,MATERIALES!$A$3:$C$59,3,FALSE),"") | H40: =+IF(A40="","",F40*G40)
H42: Sub-Total | I42: =SUM(H32:H41) -> 26250
A43: III. TRANSPORTES | I43: ,
A44: MATERIAL | D44: VOL/PESO/CANT. | E44: DISTANCIA | F44: M3-Km | G44: TARIFA DE TRANSPORTE MATERIAL | H44: VALOR-UNIT.
A45: TRANSPORTE DE MATERIAL DE AFIRMADO DE LA ZONA | D45: 1.25 | E45: 0 | F45: =D45*E45 -> 0 | G45: =+'900.4P'!I58 -> 1250 | H45: =IFERROR(F45*G45,"") -> 0
F46: =+IF(A46="","",D46*E46) | H46: =IFERROR(F46*G46,"")
F47: =+IF(A47="","",D47*E47) | H47: =IFERROR(F47*G47,"")
H48: Sub-Total | I48: =SUM(H45:H47) -> 0
A49: IV. MANO DE OBRA
A50: TRABAJADOR | C50: CANTIDAD | D50: JORNAL | E50: FACTOR | F50: JORNAL TOTAL | G50: RENDIMIENTO | H50: VALOR-UNIT.
A51: OBRERO | C51: 2 | D51: 40000 | E51: =+IFERROR(VLOOKUP(A51,'MANO DE OBRA '!$A$3:$C$11,3,FALSE),"") -> 1.85 | F51: =IFERROR(D51*E51*C51,"") -> 148000 | G51: =G20*8 -> 360 | H51: =+IFERROR(F51/G51,"") -> 411.11111
H52: =+IFERROR(F52/G52,"")
D53: =+IFERROR(VLOOKUP(A53,'MANO DE OBRA '!$A$3:$C$11,2,FALSE),"") | E53: =+IFERROR(VLOOKUP(A53,'MANO DE OBRA '!$A$3:$C$11,3,FALSE),"") | F53: =IFERROR(D53*E53*C53,"") | H53: =+IFERROR(F53/G53,"")
D54: =+IFERROR(VLOOKUP(A54,'MANO DE OBRA '!$A$3:$C$11,2,FALSE),"") | E54: =+IFERROR(VLOOKUP(A54,'MANO DE OBRA '!$A$3:$C$11,3,FALSE),"") | F54: =IFERROR(D54*E54*C54,"") | H54: =+IFERROR(F54/G54,"")
D55: =+IFERROR(VLOOKUP(A55,'MANO DE OBRA '!$A$3:$C$11,2,FALSE),"") | E55: =+IFERROR(VLOOKUP(A55,'MANO DE OBRA '!$A$3:$C$11,3,FALSE),"") | F55: =IFERROR(D55*E55*C55,"") | H55: =+IFERROR(F55/G55,"")
D56: =+IFERROR(VLOOKUP(A56,'MANO DE OBRA '!$A$3:$C$11,2,FALSE),"") | E56: =+IFERROR(VLOOKUP(A56,'MANO DE OBRA '!$A$3:$C$11,3,FALSE),"") | F56: =IFERROR(D56*E56*C56,"") | H56: =+IFERROR(F56/G56,"")
H57: Sub-Total | I57: =SUM(H51:H56) -> 411.11111
F59: Total Costo Directo | I59: =ROUND((I29+I42+I48+I57),2) -> 39570.55
A60: V. COSTOS INDIRECTOS
A61: DESCRIPCIÓN | G61: PORCENTAJE | H61: VALOR TOTAL
A62: ADMINISTRACION | G62: 0.2 | H62: =++G62*I59 -> 7914.11
A63: IMPREVISTOS | G63: 0.05 | H63: =+G63*I59 -> 1978.5275
A64: UTILIDAD | G64: 0.05 | H64: =+G64*I59 -> 1978.5275
H65: Sub-Total | I65: =ROUND((SUM(H62:H64)),2) -> 11871.17
E67: Precio unitario total aproximado al peso | I67: =ROUND((I59+I65),0) -> 51442
A68: Original: Archivo de Gestión del Contrato (Subdirección Administrativa).
A69: Copias: Unidad Ejecutora, Contratista, Interventor y Dirección Territorial.

Sheet 630.3
F1: FECHA | G1: ='310.1'!G1 -> 4 | H1: ='310.1'!H1 -> 9 | I1: ='310.1'!I1 -> 2019
G2: (Día) | H2: (Mes) | I2: (Año)
A3: UNIDAD EJECUTORA: | B3: SUBDIRECCIÓN RED NACIONAL DE CARRETERAS | G3: DIRECCIÓN TERRITORIAL: | H3: NORTE DE SANTANDER
A7: CONTRATO No. | D7: DE
A8: OBJETO DEL CONTRATO | C8: “MEJORAMIENTO Y CONSTRUCCION DE OBRAS DE PROTECCIÓN DE LA VIA LA LEJIA - SARAVENA, CODIGO 6604; DEPARTAMENTO DE NORTE DE SANTANDER ”
A11: CARRETERA: | C11: LA SOBERANIA | G11: SECTOR: | H11: LA LEJIA - SARAVENA
A14: ITEM | B14: DESCRIPCIÓN | G14: GRUPO DE AJUSTE | H14: UNIDAD | I14: CANTIDAD
B15: Hexápodos en concreto de 28 MPa de 1 m3 (incluye acero de refuerzo, transporte e instalacion hasta el sitio de disposicion final) | H15: ='PRESUPUESTO OBRA'!H22 -> un | I15: ='PRESUPUESTO OBRA'!I22 -> 120
A17: I. EQUIPO
A18: DESCRIPCIÓN | E18: UNIDAD | F18: TARIFA | G18: RENDIMIENTO | H18: VALOR-UNIT.
A19: RETROEXCAVADORA E-200 SOBRE ORUGAS TRABAJO EN RIO | E19: HORA | F19: =+'311.1'!F19 -> 180000 | G19: 1.5 | H19: =+IFERROR(F19/G19,"") -> 120000
A20: VIBRADOR DE CONCRETO, MOTOR DE 3 HP A 18.000 RPM MANGUERAS DE 4 MT | E20: HORA | F20: 10000 | G20: 1.5 | H20: =+IFERROR(F20/G20,"") -> 6666.6667
A21: CIZALLA MANUAL DE 90 CM | E21: HORA | F21: 1322.4 | G21: 37.5 | H21: =+IFERROR(F21/G21,"") -> 35.264
A22: HERRAMIENTA MENOR (5%MO) | H22: =I58*5% -> 5858.3333
E24: =+IFERROR(VLOOKUP(A24,[79]EQUIPOS!$A$3:$C$74,2,FALSE),"") | F24: =+IFERROR(VLOOKUP(A24,[79]EQUIPOS!$A$3:$C$74,3,FALSE),"") | H24: =+IFERROR(F24/G24,"")
E25: =+IFERROR(VLOOKUP(A25,[79]EQUIPOS!$A$3:$C$74,2,FALSE),"") | F25: =+IFERROR(VLOOKUP(A25,[79]EQUIPOS!$A$3:$C$74,3,FALSE),"") | H25: =+IFERROR(F25/G25,"")
E26: =+IFERROR(VLOOKUP(A26,[79]EQUIPOS!$A$3:$C$74,2,FALSE),"") | F26: =+IFERROR(VLOOKUP(A26,[79]EQUIPOS!$A$3:$C$74,3,FALSE),"") | H26: =+IFERROR(F26/G26,"")
E27: =+IFERROR(VLOOKUP(A27,[79]EQUIPOS!$A$3:$C$74,2,FALSE),"") | F27: =+IFERROR(VLOOKUP(A27,[79]EQUIPOS!$A$3:$C$74,3,FALSE),"") | H27: =+IFERROR(F27/G27,"")
H29: Sub-Total | I29: =ROUND((SUM(H19:H28)),2) -> 132560.26
A30: II. MATERIALES EN OBRA
A31: DESCRIPCIÓN | E31: UNIDAD | F31: PRECIO - UNIT. | G31: CANTIDAD | H31: VALOR-UNIT.
A32: CONCRETO DE RESISTENCIA 28 MPA | E32: M3 | F32: 529500 | G32: 1 | H32: =+IF(A32="","",F32*G32) -> 529500 | J32: TOMADO INVIAS NTS
A33: ACERO DE REFUERZO FY = 420 MPA | E33: KG | F33: 3500 | G33: 35 | H33: =+IF(A33="","",F33*G33) -> 122500
A34: ALAMBRE NEGRO PARA AMARRE | E34: KG | F34: 3600 | G34: 0.03 | H34: =+IF(A34="","",F34*G34) -> 108
A35: FORMALETA | E35: =+IFERROR(VLOOKUP(A35,[79]MATERIALES!$A$3:$C$59,2,FALSE),"") -> M2 | F35: 10000 | G35: 8.5 | H35: =+IF(A35="","",F35*G35) -> 85000
A36: GUAYA CON ALMA DE ACERO DE 1/2"-5/8¨ | E36: ML | F36: 50000 | G36: 1.5 | H36: =+IF(A36="","",F36*G36) -> 75000
E37: =+IFERROR(VLOOKUP(A37,[79]MATERIALES!$A$3:$C$59,2,FALSE),"") | F37: =+IFERROR(VLOOKUP(A37,[79]MATERIALES!$A$3:$C$59,3,FALSE),"") | H37: =+IF(A37="","",F37*G37)
E38: =+IFERROR(VLOOKUP(A38,[79]MATERIALES!$A$3:$C$59,2,FALSE),"") | F38: =+IFERROR(VLOOKUP(A38,[79]MATERIALES!$A$3:$C$59,3,FALSE),"") | H38: =+IF(A38="","",F38*G38)
E39: =+IFERROR(VLOOKUP(A39,[79]MATERIALES!$A$3:$C$59,2,FALSE),"") | F39: =+IFERROR(VLOOKUP(A39,[79]MATERIALES!$A$3:$C$59,3,FALSE),"") | H39: =+IF(A39="","",F39*G39)
A40: DESPERDICIO (2%) | H40: =SUM(H32:H35)*0.02 -> 14742.16
H41: Sub-Total | I41: =SUM(H32:H40) -> 826850.16
A42: III. TRANSPORTES | I42: ,
A43: MATERIAL | D43: VOL/PESO/CANT. | E43: DISTANCIA | F43: UND-Km | G43: TARIFA DE TRANSPORTE MATERIAL | H43: VALOR-UNIT.
A44: TRANSPORTE DE HEXÁPODOS | D44: 1 | F44: 1 | G44: 45000 | H44: =IFERROR(F44*G44,"") -> 45000
H49: Sub-Total | I49: =SUM(H44:H48) -> 45000
A50: IV. MANO DE OBRA
A51: TRABAJADOR | C51: CANTIDAD | D51: JORNAL | E51: FACTOR | F51: JORNAL TOTAL | G51: RENDIMIENTO | H51: VALOR-UNIT.
A52: OBRERO | C52: 6 | D52: 40000 | E52: =+IFERROR(VLOOKUP(A52,'[79]MANO DE OBRA '!$A$3:$C$11,3,FALSE),"") -> 1.85 | F52: =IFERROR(D52*E52*C52,"") -> 444000 | G52: 6 | H52: =+IFERROR(F52/G52,"") -> 74000
A53: OFICIAL | C53: 1 | D53: =+IFERROR(VLOOKUP(A53,'[79]MANO DE OBRA '!$A$3:$C$11,2,FALSE),"") -> 60000 | E53: =+IFERROR(VLOOKUP(A53,'[79]MANO DE OBRA '!$A$3:$C$11,3,FALSE),"") -> 1.85 | F53: =IFERROR(D53*E53*C53,"") -> 111000 | G53: =+G52 -> 6 | H53: =+IFERROR(F53/G53,"") -> 18500
A54: MAESTRO | C54: 1 | D54: 80000 | E54: =+IFERROR(VLOOKUP(A54,'[79]MANO DE OBRA '!$A$3:$C$11,3,FALSE),"") -> 1.85 | F54: =IFERROR(D54*E54*C54,"") -> 148000 | G54: =+G53 -> 6 | H54: =+IFERROR(F54/G54,"") -> 24666.667
D55: =+IFERROR(VLOOKUP(A55,'[79]MANO DE OBRA '!$A$3:$C$11,2,FALSE),"") | E55: =+IFERROR(VLOOKUP(A55,'[79]MANO DE OBRA '!$A$3:$C$11,3,FALSE),"") | F55: =IFERROR(D55*E55*C55,"") | H55: =+IFERROR(F55/G55,"")
D56: =+IFERROR(VLOOKUP(A56,'[79]MANO DE OBRA '!$A$3:$C$11,2,FALSE),"") | E56: =+IFERROR(VLOOKUP(A56,'[79]MANO DE OBRA '!$A$3:$C$11,3,FALSE),"") | F56: =IFERROR(D56*E56*C56,"") | H56: =+IFERROR(F56/G56,"")
D57: =+IFERROR(VLOOKUP(A57,'[79]MANO DE OBRA '!$A$3:$C$11,2,FALSE),"") | E57: =+IFERROR(VLOOKUP(A57,'[79]MANO DE OBRA '!$A$3:$C$11,3,FALSE),"") | F57: =IFERROR(D57*E57*C57,"") | H57: =+IFERROR(F57/G57,"")
H58: Sub-Total | I58: =SUM(H52:H57) -> 117166.67
F60: Total Costo Directo | I60: =ROUND((I29+I41+I49+I58),2) -> 1121577.1
A61: V. COSTOS INDIRECTOS
A62: DESCRIPCIÓN | G62: PORCENTAJE | H62: VALOR TOTAL
A63: ADMINISTRACION | G63: 0.2 | H63: =++G63*I60 -> 224315.42
A64: IMPREVISTOS | G64: 0.05 | H64: =+G64*I60 -> 56078.855
A65: UTILIDAD | G65: 0.05 | H65: =+G65*I60 -> 56078.855
H66: Sub-Total | I66: =ROUND((SUM(H63:H65)),2) -> 336473.13
E68: Precio unitario total aproximado al peso | I68: =ROUND((I60+I66),0) -> 1458050
A69: Original: Archivo de Gestión del Contrato (Subdirección Administrativa).
A70: Copias: Unidad Ejecutora, Contratista, Interventor y Dirección Territorial.

Sheet 900.4P
F1: FECHA | G1: ='630.3'!G1 -> 4 | H1: ='630.3'!H1 -> 9 | I1: ='630.3'!I1 -> 2019
G2: (Día) | H2: (Mes) | I2: (Año)
A3: UNIDAD EJECUTORA: | B3: SUBDIRECCIÓN RED NACIONAL DE CARRETERAS | G3: DIRECCIÓN TERRITORIAL: | H3: NORTE DE SANTANDER
A7: CONTRATO No. | D7: DE
A8: OBJETO DEL CONTRATO | C8: “MEJORAMIENTO Y MANTENIMIENTO DE LA CARRETERA DE LA SOBERANIA TRAMO LA LEJIA - SARAVENA RUTA 66 TRAMO ”
A11: CARRETERA: | C11: LA SOBERANIA | G11: SECTOR: | H11: LA LEJIA - SARAVENA
A14: ITEM | B14: DESCRIPCIÓN | G14: GRUPO DE AJUSTE | H14: UNIDAD | I14: CANTIDAD
A15: =+'PRESUPUESTO OBRA'!D25 -> 900.4P | B15: =+'PRESUPUESTO OBRA'!G25 -> Transporte de material de afirmado | G15: 7 | H15: =+'PRESUPUESTO OBRA'!H25 -> m3-km | I15: =+'PRESUPUESTO OBRA'!I25 -> 22750
A17: I. EQUIPO
A18: DESCRIPCIÓN | E18: UNIDAD | F18: TARIFA | G18: RENDIMIENTO | H18: VALOR-UNIT.
A19: VOLQUETA DOBLETROQUE | E19: HORA | F19: =+IFERROR(VLOOKUP(A19,EQUIPOS!$A$3:$C$74,3,FALSE),"") -> 75000 | G19: 60 | H19: =+IFERROR(F19/G19,"") -> 1250
E23: =+IFERROR(VLOOKUP(A23,EQUIPOS!$A$3:$C$74,2,FALSE),"") | F23: =+IFERROR(VLOOKUP(A23,EQUIPOS!$A$3:$C$74,3,FALSE),"") | H23: =+IFERROR(F23/G23,"")
E24: =+IFERROR(VLOOKUP(A24,EQUIPOS!$A$3:$C$74,2,FALSE),"") | F24: =+IFERROR(VLOOKUP(A24,EQUIPOS!$A$3:$C$74,3,FALSE),"") | H24: =+IFERROR(F24/G24,"")
E25: =+IFERROR(VLOOKUP(A25,EQUIPOS!$A$3:$C$74,2,FALSE),"") | F25: =+IFERROR(VLOOKUP(A25,EQUIPOS!$A$3:$C$74,3,FALSE),"") | H25: =+IFERROR(F25/G25,"")
E26: =+IFERROR(VLOOKUP(A26,EQUIPOS!$A$3:$C$74,2,FALSE),"") | F26: =+IFERROR(VLOOKUP(A26,EQUIPOS!$A$3:$C$74,3,FALSE),"") | H26: =+IFERROR(F26/G26,"")
H28: Sub-Total | I28: =ROUND((SUM(H19:H27)),2) -> 1250
A29: II. MATERIALES EN OBRA
A30: DESCRIPCIÓN | E30: UNIDAD | F30: PRECIO - UNIT. | G30: CANTIDAD | H30: VALOR-UNIT.
E31: =+IFERROR(VLOOKUP(A31,MATERIALES!$A$3:$C$59,2,FALSE),"") | F31: =+IFERROR(VLOOKUP(A31,MATERIALES!$A$3:$C$59,3,FALSE),"") | H31: =+IF(A31="","",F31*G31)
E32: =+IFERROR(VLOOKUP(A32,MATERIALES!$A$3:$C$59,2,FALSE),"") | F32: =+IFERROR(VLOOKUP(A32,MATERIALES!$A$3:$C$59,3,FALSE),"") | H32: =+IF(A32="","",F32*G32)
E33: =+IFERROR(VLOOKUP(A33,MATERIALES!$A$3:$C$59,2,FALSE),"") | F33: =+IFERROR(VLOOKUP(A33,MATERIALES!$A$3:$C$59,3,FALSE),"") | H33: =+IF(A33="","",F33*G33)
E34: =+IFERROR(VLOOKUP(A34,MATERIALES!$A$3:$C$59,2,FALSE),"") | F34: =+IFERROR(VLOOKUP(A34,MATERIALES!$A$3:$C$59,3,FALSE),"") | H34: =+IF(A34="","",F34*G34)
E35: =+IFERROR(VLOOKUP(A35,MATERIALES!$A$3:$C$59,2,FALSE),"") | F35: =+IFERROR(VLOOKUP(A35,MATERIALES!$A$3:$C$59,3,FALSE),"") | H35: =+IF(A35="","",F35*G35)
E36: =+IFERROR(VLOOKUP(A36,MATERIALES!$A$3:$C$59,2,FALSE),"") | F36: =+IFERROR(VLOOKUP(A36,MATERIALES!$A$3:$C$59,3,FALSE),"") | H36: =+IF(A36="","",F36*G36)
E37: =+IFERROR(VLOOKUP(A37,MATERIALES!$A$3:$C$59,2,FALSE),"") | F37: =+IFERROR(VLOOKUP(A37,MATERIALES!$A$3:$C$59,3,FALSE),"") | H37: =+IF(A37="","",F37*G37)
E38: =+IFERROR(VLOOKUP(A38,MATERIALES!$A$3:$C$59,2,FALSE),"") | F38: =+IFERROR(VLOOKUP(A38,MATERIALES!$A$3:$C$59,3,FALSE),"") | H38: =+IF(A38="","",F38*G38)
E39: =+IFERROR(VLOOKUP(A39,MATERIALES!$A$3:$C$59,2,FALSE),"") | F39: =+IFERROR(VLOOKUP(A39,MATERIALES!$A$3:$C$59,3,FALSE),"") | H39: =+IF(A39="","",F39*G39)
H41: Sub-Total | I41: =SUM(H31:H40) -> 0
A42: III. TRANSPORTES | I42: ,
A43: MATERIAL | D43: VOL/PESO/CANT. | E43: DISTANCIA | F43: M3-Km | G43: TARIFA DE TRANSPORTE MATERIAL | H43: VALOR-UNIT.
H44: =+IF(D44="","",F44*G44)
H47: Sub-Total | I47: =SUM(H44:H46) -> 0
A48: IV. MANO DE OBRA
A49: TRABAJADOR | C49: CANTIDAD | D49: JORNAL | E49: FACTOR | F49: JORNAL TOTAL | G49: RENDIMIENTO | H49: VALOR-UNIT.
D50: =+IFERROR(VLOOKUP(A50,'MANO DE OBRA '!$A$3:$C$11,2,FALSE),"") | E50: =+IFERROR(VLOOKUP(A50,'MANO DE OBRA '!$A$3:$C$11,3,FALSE),"") | F50: =IFERROR(D50*E50*C50,"") | H50: =+IFERROR(F50/G50,"")
D51: =+IFERROR(VLOOKUP(A51,'MANO DE OBRA '!$A$3:$C$11,2,FALSE),"") | E51: =+IFERROR(VLOOKUP(A51,'MANO DE OBRA '!$A$3:$C$11,3,FALSE),"") | F51: =IFERROR(D51*E51*C51,"") | H51: =+IFERROR(F51/G51,"")
D52: =+IFERROR(VLOOKUP(A52,'MANO DE OBRA '!$A$3:$C$11,2,FALSE),"") | E52: =+IFERROR(VLOOKUP(A52,'MANO DE OBRA '!$A$3:$C$11,3,FALSE),"") | F52: =IFERROR(D52*E52*C52,"") | H52: =+IFERROR(F52/G52,"")
D53: =+IFERROR(VLOOKUP(A53,'MANO DE OBRA '!$A$3:$C$11,2,FALSE),"") | E53: =+IFERROR(VLOOKUP(A53,'MANO DE OBRA '!$A$3:$C$11,3,FALSE),"") | F53: =IFERROR(D53*E53*C53,"") | H53: =+IFERROR(F53/G53,"")
D54: =+IFERROR(VLOOKUP(A54,'MANO DE OBRA '!$A$3:$C$11,2,FALSE),"") | E54: =+IFERROR(VLOOKUP(A54,'MANO DE OBRA '!$A$3:$C$11,3,FALSE),"") | F54: =IFERROR(D54*E54*C54,"") | H54: =+IFERROR(F54/G54,"")
D55: =+IFERROR(VLOOKUP(A55,'MANO DE OBRA '!$A$3:$C$11,2,FALSE),"") | E55: =+IFERROR(VLOOKUP(A55,'MANO DE OBRA '!$A$3:$C$11,3,FALSE),"") | F55: =IFERROR(D55*E55*C55,"") | H55: =+IFERROR(F55/G55,"")
H56: Sub-Total | I56: =SUM(H50:H55) -> 0
F58: Total Costo Directo | I58: =ROUND((I28+I41+I47+I56),2) -> 1250
A59: V. COSTOS INDIRECTOS
A60: DESCRIPCIÓN | G60: PORCENTAJE | H60: VALOR TOTAL
A61: ADMINISTRACION | G61: 0.2 | H61: =++G61*I58 -> 250
A62: IMPREVISTOS | G62: 0.05 | H62: =+G62*I58 -> 62.5
A63: UTILIDAD | G63: 0.05 | H63: =+G63*I58 -> 62.5
H64: Sub-Total | I64: =ROUND((SUM(H61:H63)),2) -> 375
E66: Precio unitario total aproximado al peso | I66: =ROUND((I58+I64),0) -> 1625
A67: Original: Archivo de Gestión del Contrato (Subdirección Administrativa).
A68: Copias: Unidad Ejecutora, Contratista, Interventor y Dirección Territorial.

Sheet NP1
F1: FECHA | G1: 6 | H1: 10 | I1: 2017
G2: (Día) | H2: (Mes) | I2: (Año)
B4: ITEMS DE LA PROPUESTA ECONÓMICA | G4: ITEMS NO PREVISTOS
A6: UNIDAD EJECUTORA: | B6: SUBDIRECCIÓN RED NACIONAL DE CARRETERAS | G6: DIRECCIÓN TERRITORIAL: | H6: NARIÑO
A10: CONTRATO No. | C10: 889 | D10: DE | E10: 2017
A11: OBJETO DEL CONTRATO | C11: MANTENIMIENTO Y REHABILITACIÓN DE LA CARRETERA SAN JUAN DE PASTO -MOJARRAS SECTOR CANO MOJARRAS RUTA 25 TRAMO 2502 , DEPARTAMENTO DE NARIÑO
A14: CARRETERA: | C14: SAN JUAN DE PASTO MOJARRAS | G14: SECTOR: | H14: CANO-MOJARRAS
A16: CONTRATISTA: | C16: UNIÓN TEMPORAL SAN JUAN 2017
A18: INTERVENTOR: | C18: ELSA TORRES ARENALES | F18: CTO. No.: | G18: 854 | H18: DE | I18: 2017
A20: FECHA CIERRE PROCESO DE SELECCIÓN CONTRATO DE OBRA: | G20: 23 | H20: mayo | I20: 2017
G21: (Día) | H21: (Mes) | I21: (Año)
A23: DATOS ESPECÍFICOS
A25: ITEM | B25: DESCRIPCIÓN | G25: GRUPO DE AJUSTE | H25: UNIDAD | I25: CANTIDAD
A26: =+#REF! -> #REF! | B26: DESCARGUE DE MUROS | G26: 1 | H26: M³ | I26: 6230
A28: I. EQUIPO
A29: DESCRIPCIÓN | E29: UNIDAD | F29: TARIFA | G29: RENDIMIENTO | H29: VALOR-UNIT.
A30: RETROEXCAVADORA E-200 SOBRE ORUGAS | E30: =+IFERROR(VLOOKUP(A30,EQUIPOS!$A$3:$C$74,2,FALSE),"") | F30: =+IFERROR(VLOOKUP(A30,EQUIPOS!$A$3:$C$74,3,FALSE),"") | G30: 15 | H30: =+IFERROR(F30/G30,"")
A31: CAMABAJA | E31: =+IFERROR(VLOOKUP(A31,EQUIPOS!$A$3:$C$74,2,FALSE),"") | F31: =+IFERROR(VLOOKUP(A31,EQUIPOS!$A$3:$C$74,3,FALSE),"") | G31: 15 | H31: =+IFERROR(F31/G31,"")
A32: HERRAMIENTA MENOR (1%MO) | E32: =+IFERROR(VLOOKUP(A32,EQUIPOS!$A$3:$C$74,2,FALSE),"") -> 0 | H32: =I67+1% -> 1740.9357
E33: =+IFERROR(VLOOKUP(A33,EQUIPOS!$A$3:$C$74,2,FALSE),"") | F33: =+IFERROR(VLOOKUP(A33,EQUIPOS!$A$3:$C$74,3,FALSE),"")
E34: =+IFERROR(VLOOKUP(A34,EQUIPOS!$A$3:$C$74,2,FALSE),"") | F34: =+IFERROR(VLOOKUP(A34,EQUIPOS!$A$3:$C$74,3,FALSE),"")
E35: =+IFERROR(VLOOKUP(A35,EQUIPOS!$A$3:$C$74,2,FALSE),"") | F35: =+IFERROR(VLOOKUP(A35,EQUIPOS!$A$3:$C$74,3,FALSE),"")
E36: =+IFERROR(VLOOKUP(A36,EQUIPOS!$A$3:$C$74,2,FALSE),"") | F36: =+IFERROR(VLOOKUP(A36,EQUIPOS!$A$3:$C$74,3,FALSE),"")
H39: SUB-TOTAL | I39: =ROUND((SUM(H30:H38)),2) -> 1740.94
A40: II. MATERIALES EN OBRA
A41: DESCRIPCIÓN | E41: UNIDAD | F41: PRECIO - UNIT. | G41: CANTIDAD | H41: VALOR-UNIT.
A42: DERECHO DISPOSICIÓN DE MATERIALES | E42: =+IFERROR(VLOOKUP(A42,MATERIALES!$A$3:$C$59,2,FALSE),"") | F42: =+IFERROR(VLOOKUP(A42,MATERIALES!$A$3:$C$59,3,FALSE),"") | G42: 1.3 | H42: =+IF(A42="","",F42*G42) -> #VALUE!
E43: =+IFERROR(VLOOKUP(A43,MATERIALES!$A$3:$C$59,2,FALSE),"") | F43: =+IFERROR(VLOOKUP(A43,MATERIALES!$A$3:$C$59,3,FALSE),"") | H43: =+IF(A43="","",F43*G43)
E44: =+IFERROR(VLOOKUP(A44,MATERIALES!$A$3:$C$59,2,FALSE),"") | F44: =+IFERROR(VLOOKUP(A44,MATERIALES!$A$3:$C$59,3,FALSE),"") | H44: =+IF(A44="","",F44*G44)
E45: =+IFERROR(VLOOKUP(A45,MATERIALES!$A$3:$C$59,2,FALSE),"") | F45: =+IFERROR(VLOOKUP(A45,MATERIALES!$A$3:$C$59,3,FALSE),"") | H45: =+IF(A45="","",F45*G45)
E46: =+IFERROR(VLOOKUP(A46,MATERIALES!$A$3:$C$59,2,FALSE),"") | F46: =+IFERROR(VLOOKUP(A46,MATERIALES!$A$3:$C$59,3,FALSE),"") | H46: =+IF(A46="","",F46*G46)
E47: =+IFERROR(VLOOKUP(A47,MATERIALES!$A$3:$C$59,2,FALSE),"") | F47: =+IFERROR(VLOOKUP(A47,MATERIALES!$A$3:$C$59,3,FALSE),"") | H47: =+IF(A47="","",F47*G47)
E48: =+IFERROR(VLOOKUP(A48,MATERIALES!$A$3:$C$59,2,FALSE),"") | F48: =+IFERROR(VLOOKUP(A48,MATERIALES!$A$3:$C$59,3,FALSE),"") | H48: =+IF(A48="","",F48*G48)
E49: =+IFERROR(VLOOKUP(A49,MATERIALES!$A$3:$C$59,2,FALSE),"") | F49: =+IFERROR(VLOOKUP(A49,MATERIALES!$A$3:$C$59,3,FALSE),"") | H49: =+IF(A49="","",F49*G49)
E50: =+IFERROR(VLOOKUP(A50,MATERIALES!$A$3:$C$59,2,FALSE),"") | F50: =+IFERROR(VLOOKUP(A50,MATERIALES!$A$3:$C$59,3,FALSE),"") | H50: =+IF(A50="","",F50*G50)
H52: SUB-TOTAL | I52: =SUM(H42:H51) -> #VALUE!
A53: III. TRANSPORTES | I53: ,
A54: MATERIAL | D54: VOL/PESO/CANT. | E54: DISTANCIA | F54: M3-Km | G54: TARIFA DE TRANSPORTE MATERIAL | H54: VALOR-UNIT.
F57: =+IF(A57="","",D57*E57) | H57: =IFERROR(F57*G57,"")
H58: SUB-TOTAL | I58: =SUM(H55:H57) -> 0
A59: IV. MANO DE OBRA
A60: TRABAJADOR | C60: CANTIDAD | D60: JORNAL | E60: FACTOR | F60: JORNAL TOTAL | G60: RENDIMIENTO | H60: VALOR-UNIT.
A61: OBRERO | C61: 3 | D61: =+IFERROR(VLOOKUP(A61,'MANO DE OBRA '!$A$3:$C$11,2,FALSE),"") -> 37641.636 | E61: =+IFERROR(VLOOKUP(A61,'MANO DE OBRA '!$A$3:$C$11,3,FALSE),"") -> 1.85 | F61: =IFERROR(D61*E61*C61,"") -> 208911.08 | G61: =+G30*8 -> 120 | H61: =+IFERROR(F61/G61,"") -> 1740.9257
D62: =+IFERROR(VLOOKUP(A62,'MANO DE OBRA '!$A$3:$C$11,2,FALSE),"") | E62: =+IFERROR(VLOOKUP(A62,'MANO DE OBRA '!$A$3:$C$11,3,FALSE),"") | F62: =IFERROR(D62*E62*C62,"") | H62: =+IFERROR(F62/G62,"")
D63: =+IFERROR(VLOOKUP(A63,'MANO DE OBRA '!$A$3:$C$11,2,FALSE),"") | E63: =+IFERROR(VLOOKUP(A63,'MANO DE OBRA '!$A$3:$C$11,3,FALSE),"") | F63: =IFERROR(D63*E63*C63,"") | H63: =+IFERROR(F63/G63,"")
D64: =+IFERROR(VLOOKUP(A64,'MANO DE OBRA '!$A$3:$C$11,2,FALSE),"") | E64: =+IFERROR(VLOOKUP(A64,'MANO DE OBRA '!$A$3:$C$11,3,FALSE),"") | F64: =IFERROR(D64*E64*C64,"") | H64: =+IFERROR(F64/G64,"")
D65: =+IFERROR(VLOOKUP(A65,'MANO DE OBRA '!$A$3:$C$11,2,FALSE),"") | E65: =+IFERROR(VLOOKUP(A65,'MANO DE OBRA '!$A$3:$C$11,3,FALSE),"") | F65: =IFERROR(D65*E65*C65,"") | H65: =+IFERROR(F65/G65,"")
D66: =+IFERROR(VLOOKUP(A66,'MANO DE OBRA '!$A$3:$C$11,2,FALSE),"") | E66: =+IFERROR(VLOOKUP(A66,'MANO DE OBRA '!$A$3:$C$11,3,FALSE),"") | F66: =IFERROR(D66*E66*C66,"") | H66: =+IFERROR(F66/G66,"")
H67: SUB-TOTAL | I67: =SUM(H61:H66) -> 1740.9257
F69: Total Costo Directo | I69: =ROUND((I39+I52+I58+I67),2) -> #VALUE!
A70: V. COSTOS INDIRECTOS
A71: DESCRIPCIÓN | G71: PORCENTAJE | H71: VALOR TOTAL
A72: ADMINISTRACION | G72: 0.22 | H72: =++G72*I69 -> #VALUE!
A73: IMPREVISTOS | G73: 0.05 | H73: =+G73*I69 -> #VALUE!
A74: UTILIDAD | G74: 0.05 | H74: =+G74*I69 -> #VALUE!
H75: SUB-TOTAL | I75: =ROUND((SUM(H72:H74)),2) -> #VALUE!
E77: Precio unitario total aproximado al peso | I77: =ROUND((I69+I75),0) -> #VALUE!
D82: Firma:
D83: Nombre: CAMILO ERNESTO LIZARAZO SANDOVAL
D84: Representante Legal del Contratista
D85: Matricula No.: | E85: 01103 - 0667
A87: OBSERVACIONES INTERVENTORÍA:
A93: APROBACIÓN POR INTERVENTORÍA
A94: Nota 1: Cuando se trate de Análisis de precios unitarios correspondientes a ítems de la propuesta económica aprobada, el Interventor aprueba el desglose de los componentes manteniendo el mismo precio unitario de cada ítem, cumpliendo con las especificaciones de construcción vigentes para el proyecto.
A95: Nota 2: Cuando se trate de Análisis de precios unitarios de ítems no previstos, el Interventor aprueba el desglose y precio unitario de cada ítem no previsto, exigiendo la aplicación de los costos correspondientes a insumos y tarifas de la propuesta económica inicial cuando estén contemplados, cumpliendo con las especificaciones de construcción vigente para el proyecto.
D98: Firma
D99: Nombre: ELSA TORRES ARENALES
D100: Representante Legal del Interventor
D101: Matricula No.: | E101: 68202 - 45346 STD
A103: Original: Archivo de Gestión del Contrato (Subdirección Administrativa).
A104: Copias: Unidad Ejecutora, Contratista, Interventor y Dirección Territorial.
